Map: Triton LE

Players

Spartacus

  • Race: Zerg Zerg
  • League: Diamond
  • Spawn Location: 11:00

ViBE - Winner!

  • Race: Terran Terran
  • League: Diamond
  • Spawn Location: 5:00

VOD

Have the link to the VOD?

Description

Time

  • Played on: Dec. 23, 2019, 3:56 a.m.
  • Length: 14:38
Show
View Real Time Build Order
Export as new Build Order

Spartacus Zerg 

Build Orders: Hatch First, Muta Ling Bane 

Get SALT Encoding   

  12  0:01  Drone  
  13  0:13  Overlord  
  13  0:16  Drone  
  14  0:31  Drone x2  
  16  0:36  Drone  
  17  0:55  Drone  
  17  0:56  Hatchery  
  17  0:59  Drone  
  18  1:09  Extractor  
  17  1:13  Spawning Pool  
  17  1:15  Drone  
  17  1:19  Drone  
  18  1:33  Drone  
  19  1:41  Overlord  
  19  1:54  Drone  
  19  2:00  Queen  
  22  2:01  Zergling x2  
  22  2:08  Queen  
  23  2:09  Zergling x2  
  23  2:12  Metabolic Boost  
  23  2:15  Drone  
  27  2:20  Extractor  
  26  2:25  Drone x2  
  26  2:29  Drone  
  29  2:47  Drone x2  
  29  2:48  Drone  
  31  2:55  Roach Warren  
  31  2:57  Drone x2  
  32  3:04  Overlord  
  32  3:05  Overlord  
  33  3:27  Drone x4  
  36  3:35  Roach x3  
  36  3:36  Roach  
  36  3:39  Overlord x2  
  44  3:47  Drone  
  45  3:54  Drone x4  
  49  4:01  Ravager x2  
  49  4:02  Ravager x2  
  53  4:09  Zergling x10  
  58  4:13  Zergling x2  
  58  4:17  Zergling x2  
  58  4:25  Zergling x6  
  58  4:28  Queen x2  
  65  4:37  Overlord  
  65  4:38  Overlord x2  
  56  5:04  Drone x10  
  66  5:08  Lair  
  66  5:11  Extractor  
  66  5:12  Extractor  
  64  5:16  Roach  
  64  5:21  Baneling Nest  
  65  5:22  Hatchery  
  64  5:32  Spore Crawler  
  64  5:33  Spore Crawler  
  62  5:46  Zergling x20  
  72  6:02  Evolution Chamber  
  71  6:08  Spire, Baneling  
  71  6:09  Baneling x7  
  70  6:17  Nydus Network  
  70  6:18  Evolution Chamber  
  68  6:22  Zergling x2  
  68  6:23  Zergling x6  
  68  6:24  Zergling x2  
  73  6:29  Zerg Melee Weapons Level 1  
  73  6:34  Drone x2  
  50  6:58  Drone  
  50  6:59  Drone x10  
  61  7:27  Mutalisk  
  61  7:28  Mutalisk x7  
  77  7:41  Mutalisk  
  77  7:42  Mutalisk  
  81  7:44  Overlord x2  
  81  7:45  Overlord  
  81  7:48  Zerg Flyer Weapons Level 1  
  70  8:08  Mutalisk  
  70  8:09  Mutalisk x2  
  70  8:13  Zergling x6  
  70  8:14  Zergling x12  
  70  8:15  Zergling x10  
  80  8:29  Mutalisk x2  
  80  8:33  Queen  
  84  8:40  Baneling x3  
  84  8:41  Baneling x3  
  82  8:44  Zergling x2  
  82  8:45  Zergling x12  
  80  9:02  Centrifical Hooks  
  80  9:07  Drone x5  
  80  9:08  Drone x4  
  89  9:12  Zerg Melee Weapons Level 2  
  89  9:26  Drone x3  
  89  9:27  Drone x5  
  97  9:37  Extractor  
  93  9:39  Extractor  
  93  9:42  Zerg Ground Armor Level 1  
  93  9:44  Mutalisk  
  93  9:45  Mutalisk  
  96  9:46  Overlord x2  
  96  9:47  Overlord x4  
  96  9:51  Hatchery  
  95  10:02  Baneling  
  95  10:03  Baneling x4  
  95  10:10  Hydralisk Den  
  94  10:15  Spine Crawler  
  94  10:16  Spine Crawler  
  94  10:17  Spore Crawler, Spine Crawler  
  90  10:23  Drone x6  
  90  10:24  Drone x3  
  99  10:45  Grooved Spines  
  99  10:48  Hydralisk x3  
  99  10:49  Hydralisk x7  
  115  10:54  Infestation Pit  
  114  11:00  Hydralisk  
  114  11:01  Hydralisk x3  
  122  11:10  Drone  
  117  11:29  Zerg Missile Weapons Level 1  
  117  11:30  Hive  
  117  11:31  Hydralisk x2  
  117  11:32  Hydralisk x3  
  125  11:39  Overlord x6  
  127  11:48  Drone x3  
  127  11:52  Spine Crawler  
  129  11:54  Spine Crawler  
  129  11:55  Spore Crawler, Spine Crawler  
  129  11:56  Drone x7  
  129  11:57  Drone, Muscular Augments  
  134  12:17  Hydralisk x8  
  133  12:26  Hydralisk  
  133  12:27  Hydralisk x4  
  119  12:38  Hydralisk x2  
  119  12:39  Extractor x2  
  119  12:50  Viper  
  122  12:57  Hydralisk x3  
  122  12:58  Hydralisk  
  130  13:09  Hydralisk  
  130  13:10  Hydralisk x3  
  129  13:30  Hydralisk x5  
  129  13:31  Hydralisk  
  127  13:36  Hydralisk  
  127  13:37  Hydralisk  
  127  13:39  Zergling x6  
  127  13:40  Zergling x14  
Show
View Real Time Build Order
Export as new Build Order

ViBE Terran - Winner!

Build Orders: 2 Factory, Reaper Expand, Mech 

Get SALT Encoding   

  12  0:01  SCV  
  13  0:13  SCV  
  14  0:18  Supply Depot  
  14  0:25  SCV  
  15  0:39  SCV  
  15  0:41  Barracks  
  16  0:47  Refinery  
  16  0:58  SCV  
  17  1:11  SCV  
  18  1:23  SCV  
  19  1:34  Reaper  
  19  1:35  Orbital Command  
  20  1:46  Command Center  
  20  1:55  Supply Depot  
  20  2:00  SCV  
  21  2:12  SCV  
  22  2:19  Factory  
  22  2:23  Refinery  
  22  2:24  SCV  
  22  2:29  Barracks Reactor  
  23  2:36  SCV  
  24  2:48  SCV  
  25  2:58  Supply Depot  
  25  3:01  SCV, Orbital Command  
  25  3:04  Factory  
  26  3:13  SCV  
  26  3:14  Hellion x2, Barracks Tech Lab  
  31  3:25  SCV  
  32  3:31  Supply Depot  
  32  3:34  SCV  
  32  3:37  SCV  
  34  3:46  SCV  
  35  3:49  SCV, Siege Tank  
  35  3:53  Command Center  
  39  3:59  SCV, Supply Depot  
  39  4:01  SCV  
  41  4:08  Hellion x2  
  45  4:21  Siege Tank  
  45  4:24  Supply Depot  
  48  4:29  Hellion x2  
  52  4:32  Supply Depot  
  52  4:53  Factory  
  46  5:00  Hellion x2, Siege Tank  
  46  5:05  SCV x2  
  55  5:12  Refinery  
  55  5:17  SCV, Orbital Command  
  55  5:18  SCV  
  57  5:22  Armory  
  57  5:23  Armory  
  57  5:27  Refinery  
  57  5:29  SCV  
  57  5:33  SCV  
  59  5:36  Supply Depot  
  59  5:40  Cyclone  
  59  5:41  Factory Tech Lab  
  59  5:42  SCV  
  63  5:48  SCV  
  64  5:50  SCV  
  64  5:53  Mag-Field Accelerator  
  64  5:54  SCV  
  66  5:58  Hellion x2  
  66  6:00  SCV  
  66  6:03  SCV  
  72  6:06  SCV  
  72  6:09  Infernal Pre-Igniter  
  72  6:10  Supply Depot  
  73  6:13  SCV  
  73  6:16  SCV  
  73  6:18  SCV, Cyclone  
  79  6:20  Hellion x2  
  79  6:25  SCV  
  86  6:26  Cyclone  
  86  6:30  SCV, Orbital Command  
  89  6:37  SCV  
  89  6:40  Engineering Bay  
  89  6:42  SCV  
  89  6:43  Command Center  
  90  6:50  Supply Depot  
  85  6:56  Cyclone, Hellion x2  
  85  6:58  Cyclone  
  95  7:04  SCV x2, Supply Depot  
  95  7:05  SCV, Supply Depot  
  95  7:07  Terran Vehicle Weapons Level 1  
  95  7:08  Terran Vehicle And Ship Armor Level 1  
  98  7:12  Supply Depot  
  98  7:25  SCV  
  98  7:26  SCV x2  
  101  7:36  Cyclone x2  
  111  7:37  Hellion x2  
  111  7:38  SCV x2  
  111  7:42  Smart Servos  
  114  7:44  SCV  
  114  7:50  SCV x2  
  116  7:56  SCV  
  110  8:08  Thor x2  
  114  8:20  Hellion x2  
  114  8:21  SCV x3  
  114  8:25  Refinery x2  
  121  8:31  Command Center  
  121  8:36  Factory x2  
  121  8:37  Factory  
  121  8:44  Hellion x2  
  123  8:52  Command Center  
  123  8:54  Missile Turret  
  120  8:56  Missile Turret  
  120  8:57  Missile Turret x3  
  120  9:00  Missile Turret x2  
  120  9:01  Missile Turret  
  120  9:02  Neosteel Armor  
  120  9:04  Missile Turret  
  120  9:07  Planetary Fortress  
  120  9:11  Missile Turret  
  120  9:12  Missile Turret  
  120  9:14  Missile Turret  
  120  9:15  SCV x3  
  123  9:27  SCV x2  
  124  9:34  Thor  
  124  9:36  Factory Reactor, Missile Turret x2, Factory Tech Lab x2  
  124  9:37  Missile Turret  
  130  9:43  Terran Vehicle Weapons Level 2  
  130  9:44  Terran Vehicle And Ship Armor Level 2  
  130  9:46  SCV  
  130  9:47  SCV  
  132  9:53  Refinery  
  132  9:54  Refinery  
  132  9:55  Thor  
  138  10:05  SCV x3  
  141  10:17  SCV x3  
  141  10:19  Planetary Fortress  
  141  10:21  Thor  
  150  10:22  Hellion x3  
  150  10:23  Hellion  
  150  10:27  Supply Depot x2  
  158  10:29  Supply Depot  
  158  10:31  Command Center  
  158  10:40  Missile Turret  
  158  10:42  Thor x2, Hi-Sec Auto Tracking  
  170  10:48  SCV x4  
  174  10:54  Refinery x2  
  174  10:56  Planetary Fortress  
  174  11:00  SCV  
  174  11:03  Missile Turret  
  175  11:04  Missile Turret x2  
  175  11:08  Sensor Tower  
  175  11:11  Sensor Tower  
  175  11:17  Sensor Tower  
  175  11:23  Thor x2  
  175  11:24  Hellbat  
  175  11:25  Hellbat x3  
  195  11:35  SCV  
  195  11:36  Hellbat x2  
  200  11:53  Factory  
  200  11:55  Factory  
  200  11:56  Factory x2  
  200  11:57  Factory  
  200  11:59  Command Center  
  186  12:26  Thor x3  
  186  12:29  Hellbat x4  
  192  12:51  Thor  
  192  12:52  Hellbat  
  192  12:53  Factory Tech Lab x4  
  192  12:54  Factory Reactor  
  192  13:15  Thor x2  
  184  13:41  Thor x2  
  184  13:44  Hellbat x2  
  195  14:00  Command Center  
  195  14:04  Command Center  
  195  14:07  Command Center  
  195  14:08  Command Center x2  
  197  14:10  SCV, Hellbat x2, Command Center  
  197  14:12  Command Center  
Tags
 
Add a new tag
Caveats
  • Supply blocks, unpowered buildings, or Contaminate may cause inaccurate times.
  • Supply counts are checked every 10 seconds.